 Dungeon Crawl Stone Soup version 0.31-a0-162-gc4c5a43528 (webtiles) character file.

Game seed: 5936029636759957177

81 qw the Shooter (level 4, -7/40 HPs)
             Began as a Naga Hunter on June 12, 2023.
             Mangled by a gnoll
             ... wielding a +0 club
              (8 damage)
             ... on level 2 of the Dungeon.
             The game lasted 00:00:26 (1261 turns).

qw the Shooter (Naga Hunter)                        Turns: 1261, Time: 00:00:26

Health: -7/40      AC:  2    Str: 15    XL:     4   Next: 42%
Magic:  4/4        EV: 10    Int:  9    God:
Gold:   122        SH:  0    Dex: 23    Spells: 3/3 levels left

rFire   . . .        Y - +0 shortbow
rCold   . . .        (shield currently unavailable)
rNeg    + . .        c - +0 leather armour
rPois   +            (no helmet)
rElec   .            (no cloak)
rCorr   .            (no gloves)
SInv    +            (no barding)
Will    .....        (no amulet)
Stlth   ++           j - +6 ring of dexterity
HPRegen 0.26/turn    a - ring of Jealousy {Drain rN+ Str+2 Slay+4}
MPRegen 0.09/turn

%: no passive effects
@: short of breath, very slow
A: AC +1, large, see invisible, deformed body, poison resistance, slowness 2,
spit poison 1, naga tail 1
a: Spit Poison


You were on level 2 of the Dungeon.
You visited 1 branch of the dungeon, and saw 2 of its levels.

You collected 122 gold pieces.


Innate Abilities, Weirdness & Mutations

Your serpentine skin is tough. (AC +1)
You have supernaturally acute eyesight. (SInv)
Armour fits poorly on your strangely shaped body.
Your system is resistant to poisons. (rPois)
You cover ground very slowly.
You can spit poison.
You have a snake-like lower body.


   Skills:
 + Level 2.6 Fighting
 - Level 5.0 Ranged Weapons
 - Level 1.5 Dodging
 - Level 1.5 Stealth


You had 3 spell levels left.
You didn't know any spells.
Your spell library was empty.

Inventory:

Hand Weapons
 Y - a +0 shortbow (weapon)
Armour
 c - a +0 leather armour (worn)
Jewellery
 a - the ring of Jealousy (right hand) {Drain rN+ Str+2 Slay+4}
   (You acquired it on level 1 of the Dungeon)

   [ring of slaying]

   Str:       It affects your strength (+2).
   Slay:      It affects your accuracy & damage with ranged weapons and melee
   (+4).
   rN:        It protects you from negative energy.
   Drain:     It drains your maximum health when unequipped.
 j - a +6 ring of dexterity (left hand)
Scrolls
 b - a scroll of poison {unknown}
Potions
 g - a potion of magic {unknown}
 i - a potion of ambrosia {unknown}

Dungeon Overview and Level Annotations

Branches:
Dungeon (2/15)

Altars:


Message History

The arrow hits the gnoll but does no damage.
The gnoll is severely wounded.
You have got your breath back.
The gnoll hits you from afar with a +0 halberd!
1255 ||| INVOKING Spit Poison.
Aiming: Spit Poison (1% risk of failure)
Press: ? - help, Shift-Dir - straight line, f/p - gnoll The splash of poison misses the gnoll.
The splash of poison hits the plant.
The plant is lightly damaged.
The gnoll misses you.
You shoot an arrow. The arrow hits the gnoll!
The gnoll is heavily wounded.
A nearby plant withers and dies.
The gnoll barely misses you. The gnoll closely misses you.
You shoot an arrow. The arrow hits the gnoll.
The gnoll is severely wounded.
The gnoll hits you with a +0 flail!
A goblin comes into view. It is wielding a +0 club.
The gnoll barely misses you.
You shoot an arrow. The arrow hits the gnoll!
You kill the gnoll!
You kill the gnoll!
An endoplasm comes into view.
You shoot an arrow. The endoplasm quivers.
The arrow hits the gnoll!
The gnoll is severely wounded.
The gnoll hits you with a +0 club.
You shoot an arrow. The arrow barely misses the gnoll.
The arrow hits the plant!
The plant begins to die.
The plant is lightly damaged.
You have got your breath back.
The gnoll hits you with a +0 club.
1261 ||| INVOKING Spit Poison.
Aiming: Spit Poison (1% risk of failure)
Press: ? - help, Shift-Dir - straight line, f/p - gnoll The splash of poison misses the gnoll.
The splash of poison hits the plant.
The plant is lightly damaged.
The gnoll hits you with a +0 club!
You die... # #.# ### # #.########## .. # #........... .# ###. # #........... .##.... #........... .#.J..P #........... ..gPP P

######.......... ... ...
...)####.########)#.P...
....# #.........@g)..P.P
....# #..########.#.PP..
/...# #..# .#


PPP ....# #..# .# . ....###..# .# .........# ># ##.#####.# .. #.# #.# .# #.# #.#
You could see a gnoll, an endoplasm and a goblin.

Vanquished Creatures
  2 adders (D:2)
  2 gnolls (D:2)
  2 worms (D:2)
  5 ball pythons
  2 bats
  3 endoplasms
  A giant cockroach (D:1)
  2 goblins (D:1)
  A hobgoblin (D:1)
  8 jackals (D:1)
  3 kobolds
  A quokka (D:1)
  A frilled lizard (D:1)
  4 rats
37 creatures vanquished.

Notes
Turn   | Place    | Note
-------+----------+-------------------------------------------
     0 | D:1      | qw the Naga Hunter began the quest for the Orb.
     0 | D:1      | Reached XP level 1. HP: 19/19 MP: 1/1
     0 | D:1      | 0 ||| qw: Version: 0.2-a-29-gc1b59c4
     0 | D:1      | 0 ||| qw: Game counter: 4406
     0 | D:1      | 0 ||| qw: Always use a shield: true
     0 | D:1      | 0 ||| qw: God list: Okawaru
     0 | D:1      | 0 ||| qw: Allow faded altars: false
     0 | D:1      | 0 ||| qw: Do Orc after D:15 true
     0 | D:1      | 0 ||| qw: Do second Lair branch before Depths: true
     0 | D:1      | 0 ||| qw: Lair rune preference: random
     0 | D:1      | 0 ||| qw: Plans: Normal
     0 | D:1      | 0 ||| PLANNING D:1-11
    10 | D:1      | 10 ||| INVOKING Spit Poison.
    17 | D:1      | 17 ||| INVOKING Spit Poison.
    38 | D:1      | 38 ||| INVOKING Spit Poison.
    39 | D:1      | 39 ||| INVOKING Spit Poison.
    44 | D:1      | 44 ||| INVOKING Spit Poison.
    45 | D:1      | Reached skill level 4 in Ranged Weapons
    45 | D:1      | Reached XP level 2. HP: 13/26 MP: 2/2
   242 | D:1      | 242 ||| INVOKING Spit Poison.
   248 | D:1      | 248 ||| INVOKING Spit Poison.
   253 | D:1      | 253 ||| INVOKING Spit Poison.
   257 | D:1      | 257 ||| INVOKING Spit Poison.
   270 | D:1      | 270 ||| INVOKING Spit Poison.
   276 | D:1      | 276 ||| INVOKING Spit Poison.
   282 | D:1      | 282 ||| INVOKING Spit Poison.
   347 | D:1      | 347 ||| INVOKING Spit Poison.
   350 | D:1      | 350 ||| INVOKING Spit Poison.
   356 | D:1      | 356 ||| INVOKING Spit Poison.
   363 | D:1      | 363 ||| INVOKING Spit Poison.
   366 | D:1      | Reached XP level 3. HP: 32/32 MP: 3/3
   509 | D:1      | 509 ||| INVOKING Spit Poison.
   614 | D:1      | 614 ||| INVOKING Spit Poison.
   687 | D:1      | 687 ||| DROPPING scarf of shadows.
   688 | D:1      | 688 ||| UPGRADING to +6 ring of dexterity.
   689 | D:1      | 689 ||| READING scroll labelled NOUCOG VELOSSU.
   690 | D:1      | 690 ||| READING scroll labelled SYLUAJ REHEWA.
   690 | D:1      | Identified a scroll of acquirement
   690 | D:1      | 690 ||| ACQUIRING ring of Jealousy {Drain rN+ Str+2 Slay+4}
   690 | D:1      | Acquired the ring of Jealousy {Drain rN+ Str+2 Slay+4}
   692 | D:1      | 692 ||| UPGRADING to ring of Jealousy {Drain rN+ Str+2
                  | Slay+4}.
   693 | D:1      | 693 ||| READING scroll labelled LOIZXI OROQU.
   794 | D:1      | 794 ||| DROPPING scroll of butterflies.
   807 | D:2      | 807 ||| INVOKING Spit Poison.
   863 | D:2      | 863 ||| INVOKING Spit Poison.
   884 | D:2      | 884 ||| INVOKING Spit Poison.
   897 | D:2      | 897 ||| INVOKING Spit Poison.
   900 | D:2      | 900 ||| INVOKING Spit Poison.
  1061 | D:2      | 1061 ||| INVOKING Spit Poison.
  1063 | D:2      | Reached skill level 5 in Ranged Weapons
  1113 | D:2      | 1113 ||| INVOKING Spit Poison.
  1114 | D:2      | Reached XP level 4. HP: 39/39 MP: 4/4
  1119 | D:2      | 1119 ||| INVOKING Spit Poison.
  1252 | D:2      | 1252 ||| INVOKING Spit Poison.
  1255 | D:2      | 1255 ||| INVOKING Spit Poison.
  1259 | D:2      | HP: 7/40 [gnoll/+0 club (5)]
  1260 | D:2      | HP: 1/40 [gnoll/+0 club (6)]
  1261 | D:2      | 1261 ||| INVOKING Spit Poison.
  1261 | D:2      | Mangled by a gnoll

Levels and vault maps discovered:
D:1:      dpeg_arrival_rooms_with_view, layout_basic, minmay_misc_feat_pillars
D:2:      layout_basic, nicolae_grassy_gnolls

Skill      XL: |  1  2  3 |
---------------+----------+-----
Ranged Weapons | 4 5 |  5.0
Fighting       | |  2.6
Dodging        | |  1.5
Stealth        | |  1.5

Action                     |  1- 3 |  4- 6 || total
---------------------------+-------+-------++-------
   Fire: Shortbow          |    56 |     9 ||    65
Ability: Spit Poison       |    24 |     4 ||    28
    Use: Scroll            |     3 |       ||     3
 Armour: Leather armour    |    11 |       ||    11
  Dodge: Dodged            |    16 |     4 ||    20

Table legend:
 A = Non-vault XP
 B = Vault XP
 C = Vault XP percentage of total XP
 D = Non-vault monster count
 E = Vault monster count
 F = Vault count percentage of total count
                 A         B        C        D         E       F
            +---------+---------+-------+---------+---------+-------
      Total |      85 |      32 |  27.4 |      33 |       4 |  10.8
            +---------+---------+-------+---------+---------+-------
        D:1 |      38 |       3 |   7.3 |      22 |       2 |   8.3
        D:2 |      47 |      29 |  38.2 |      11 |       2 |  15.4
            +---------+---------+-------+---------+---------+-------
